 Dungeon Crawl Stone Soup version 0.25-a0-734-g73332aeda9 (webtiles) character file.

Game seed: 2081249993125048905, levelgen mode: deterministic

58 kae the Ruffian (level 3, 0/28 HPs)
             Began as a Draconian Transmuter on Apr 10, 2020.
             Splashed by a jelly's acid (4 damage)
             ... on level 2 of the Dungeon.
             The game lasted 00:01:45 (2007 turns).

kae the Ruffian (Draconian Transmuter)              Turns: 2007, Time: 00:01:46

Health: 0/28       AC: -2    Str: 13    XL:     3   Next: 75%
Magic:  3/6        EV: 19    Int: 13    God:
Gold:   62         SH:  0    Dex: 16    Spells: 1/7 levels left

rFire    . . .     SeeInvis .     - Unarmed
rCold    . . .     Gourm    .   (shield currently unavailable)
rNeg     . . .     Faith    .   (armour unavailable)
rPois    x         Spirit   .   (helmet currently unavailable)
rElec    .         Reflect  .   (cloak currently unavailable)
rCorr    .         Harm     .   (gloves currently unavailable)
MR       .....                  (boots currently unavailable)
Stlth    +.........             (no amulet)
HPRegen  0.09/turn              (no ring)
MPRegen  0.10/turn              (no ring)

@: spider-form (expiring), corroded
A: tiny, unfitting armour, AC +5
a: End Transformation


You were on level 2 of the Dungeon.
You were not hungry.
You were a venomous arachnid creature.
You visited 1 branch of the dungeon, and saw 2 of its levels.

You collected 62 gold pieces.

Inventory:

Missiles
 a - 41 arrows
Armour
 h - a +1 pair of gloves (melded)
Scrolls
 b - a scroll of amnesia
 d - a scroll of teleportation {unknown}
 i - a scroll of identify
Potions
 e - 2 potions of magic
 f - a potion of flight
 g - a potion of degeneration {unknown}


   Skills:
 - Level 1.1 Fighting
 - Level 1.7 Dodging
 * Level 4.0 Unarmed Combat
 + Level 2.5 Spellcasting
 + Level 2.6 Transmutations


You had one spell level left.
You knew the following spells:

 Your Spells              Type           Power        Failure   Level  Hunger
a - Beastly Appendage     Tmut           #.....       22%         1    #......
b - Sticks to Snakes      Tmut           #.......     28%         2    ###....
c - Spider Form           Tmut/Pois      #.........   61%         3    ###....

Your spell library contained the following spells:

 Spells                   Type           Power        Failure   Level  Hunger
 Ice Form                 Ice/Tmut       #.......     92%         4    #####..
 Blade Hands              Tmut           #.........   98%         5    ######.


Dungeon Overview and Level Annotations

Branches:
Dungeon (2/15)

Altars:


Innate Abilities, Weirdness & Mutations

((Your plain brown scales are hard. (AC +5)))
You cannot fit into any form of body armour.
((You are cold-blooded and may be slowed by cold attacks.))


Message History

You turn into a venomous arachnid creature.
Your +1 pair of gloves melds into your body.
You climb downwards.
The jelly completely misses you. The ooze closely misses you.
There is a stone staircase leading up here.
Unknown command.
Unknown command.
You hit the jelly.
The jelly is poisoned.
Your front legs burn!
The jelly is lightly wounded.
The jelly hits you.
You are splashed with acid!
The ooze hits you.
You bite the jelly! The acid corrodes you!
Your front legs burn!
* * * LOW HITPOINT WARNING * * *
The jelly is almost dead.
The jelly completely misses you. The ooze barely misses you.
You hit the jelly. The acid corrodes you!
Your front legs burn!
* * * LOW HITPOINT WARNING * * *
The jelly is almost dead.
The jelly barely misses you.
You hit the jelly but do no damage.
Your front legs burn!
You die...

#######.###...# #.# #..##
#.###).#### ###########
#.#.......## #(.....÷..#
#.#.###.#..######...P.÷÷P.#
####...# #........##.P.PJP...#
#......###.##.######..J÷÷P.PJ#
#..........##(J...##...J.J.JJ#
#............s)...##.P÷..P.P÷#
#......###.##)J...#########'##
#......# #.##.....###(.JJ..##
#......# #.##.....##(########
######.# #.##(.)..###..'....#
#.# #.##(÷...######....#
##.###.........##.......#
##..............##.......#
#..#####........##.......#


You could see a jelly and an ooze.

Vanquished Creatures
  An adder (D:2)
  2 oozes (D:1)
  2 leopard geckos (D:1)
  4 giant cockroaches (D:1)
  3 goblins (D:1)
  A hobgoblin (D:1)
  13 kobolds
  4 bats
  2 frilled lizards (D:1)
  3 rats (D:1)
35 creatures vanquished.

Vanquished Creatures (collateral kills)
  A leopard gecko (D:1)
  A frilled lizard (D:1)
  A kobold (D:1)
  A rat (D:2)
4 creatures vanquished.

Vanquished Creatures (others)
  2 fungi (D:2)
  6 toadstools (D:2)
8 creatures vanquished.

Grand Total: 47 creatures vanquished

Notes
Turn   | Place    | Note
-------+----------+-------------------------------------------
     0 | D:1      | kae the Draconian Transmuter began the quest for the Orb.
     0 | D:1      | Reached XP level 1. HP: 16/16 MP: 3/3
    93 | D:1      | Reached XP level 2. HP: 23/23 MP: 3/5
    98 | D:1      | Learned a level 2 spell: Sticks to Snakes
  1068 | D:1      | Reached XP level 3. HP: 26/28 MP: 3/6
  1668 | D:1      | Learned a level 3 spell: Spider Form
  1968 | D:1      | Reached skill level 4 in Unarmed Combat
  2007 | D:2      | Splashed by a jelly's acid

Levels and vault maps discovered:
D:1:      dpeg_arrival_short_road, layout_loops_ring, minmay_split_cup_large
D:2:      cheibrodos_fertilizer, layout_rooms, nicolae_overflow_crystal_walls

Skill      XL: |  1  2  3 |
---------------+----------+-----
Unarmed Combat | 4 |  4.0
Fighting       | |  1.1
Dodging        | |  1.7
Spellcasting   | |  2.5
Transmutations | |  2.6

Action                   || total
-------------------------++-------
Melee: Unarmed           ||   138
       Tailslap          ||    12
       Kick              ||     6
       Headbutt          ||     2
       Punch             ||     2
 Cast: Beastly Appendage ||    10
       Sticks to Snakes  ||     7
       Spider Form       ||     2
  Use: Scroll            ||     5
       Potion            ||     1
  Eat: Chunk             ||     3
       Ration            ||     1
Armor: Skin              ||    43
Dodge: Dodged            ||   120

Table legend:
 A = Non-vault XP
 B = Vault XP
 C = Vault XP percentage of total XP
 D = Non-vault monster count
 E = Vault monster count
 F = Vault count percentage of total count
                 A         B        C        D         E       F
            +---------+---------+-------+---------+---------+-------
      Total |      58 |      25 |  30.1 |      26 |      13 |  33.3
            +---------+---------+-------+---------+---------+-------
        D:1 |      42 |      15 |  26.3 |      20 |       7 |  25.9
        D:2 |      16 |      10 |  38.5 |       6 |       6 |  50.0
            +---------+---------+-------+---------+---------+-------
